 Dungeon Crawl Stone Soup version 0.30.0-30-g96aa6591b8 (webtiles) character file.

Game seed: 17144756031991591479

1878029 RepoMan the Impregnable (level 27, 172/172 HPs)
             Began as a Gargoyle Fighter on May 28, 2023.
             Was the Champion of Okawaru.
             Escaped with the Orb
             ... and 3 runes on June 30, 2023!
             The game lasted 06:45:52 (58795 turns).

RepoMan the Impregnable (Gargoyle Fighter)         Turns: 58795, Time: 06:45:53

Health: 172/172    AC: 77    Str: 30    XL:     27
Magic:  11/11      EV: 17    Int: 21    God:    Okawaru [******]
Gold:   5832       SH:  0    Dex: 11    Spells: 6/39 levels left

rFire   + . .        D - +8 great mace "Beetleslayer" {antimagic, rPois}
rCold   + . .        (shield currently unavailable)
rNeg    + . .        I - +11 crystal plate armour
rPois   ∞            r - +3 hat "Ciupnar" {+Blink Stlth+}
rElec   +            z - scarf {rC+ rF+}
rCorr   +            M - +1 pair of gloves of Bexutos {Regen+ Str+2}
SInv    .            q - +0 pair of boots "Ymenof" {Will+ rCorr Int+4}
Will    +++++        J - amulet of regeneration Stlth
                     O - ring of the Tortoise {AC+8}
HPRegen 2.08/turn    s - ring "Moenwie" {rElec Will+ EV+5 Int+6}
MPRegen 0.12/turn

%: no passive effects
@: flying, studying Ice Magic, invisible
A: sickness immunity, AC +20, big wings, negative energy resistance 1,
electricity resistance, torment resistance 1, petrification resistance, beak,
frail 1, strong-willed 1, weak 1, sturdy frame 1
0: Orb of Zot
}: 3/15 runes: decaying, serpentine, slimy
a: Renounce Religion, Evoke Blink, Heroism, Finesse, Duel


You escaped.
You worshipped Okawaru.
Okawaru was exalted by your worship.
You visited 11 branches of the dungeon, and saw 54 of its levels.
You visited 1 bazaar.
You also visited: Bailey, Ice Cave, Volcano, Wizlab and Desolation.

You collected 9572 gold pieces.
You spent 3740 gold pieces at shops.

Inventory:

Hand Weapons
 k - a +9 heavy great mace
 D - the +8 great mace "Beetleslayer" (weapon) {antimagic, rPois}
   (You bought it in a shop on level 2 of the Orcish Mines)

   rPois:     It protects you from poison.
Missiles
 a - a throwing net (quivered)
 f - 9 boomerangs of dispersal
 x - 15 curare-tipped darts
 A - 18 javelins
 V - 8 silver javelins
Armour
 q - the +0 pair of boots "Ymenof" (worn) {Will+ rCorr Int+4}
   (Okawaru gifted it to you on level 1 of the Snake Pit)

   Int:       It affects your intelligence (+4).
   rCorr:     It protects you from acid and corrosion.
   Will:      It increases your willpower.
 r - the +3 hat "Ciupnar" (worn) {+Blink Stlth+}
   (Okawaru gifted it to you in the Desolation of Salt)

   +Blink:    It lets you blink.
   Stlth:     It makes you more stealthy.
 z - a scarf of resistance (worn)
 I - a +11 crystal plate armour (worn)
 M - the +1 pair of gloves of Bexutos (worn) {Regen+ Str+2}
   (Okawaru gifted it to you on level 3 of the Vaults)

   Str:       It affects your strength (+2).
   Regen:     It increases your rate of health regeneration.
 X - a +4 plate armour of fire resistance
Jewellery
 i - a +5 ring of evasion
 s - the ring "Moenwie" (right hand) {rElec Will+ EV+5 Int+6}
   (You found it on level 1 of the Swamp)

   [ring of evasion]

   EV:        It affects your evasion (+5).
   Int:       It affects your intelligence (+6).
   rElec:     It insulates you from electricity.
   Will:      It increases your willpower.
 H - a ring of see invisible
 J - an amulet of regeneration (around neck)
 L - the ring "Paifuggy" {rPois rC+ MP+9}
   (You found it on level 3 of the Crypt)

   [ring of magical power]

   rC:        It protects you from cold.
   rPois:     It protects you from poison.
   MP:        It affects your magic capacity (+9).
 N - the ring of Egunashro {Will+ Str+3 Int+6}
   (You found it on level 5 of the Pits of Slime)

   [ring of intelligence]

   Str:       It affects your strength (+3).
   Int:       It affects your intelligence (+6).
   Will:      It increases your willpower.
 O - the ring of the Tortoise (left hand) {AC+8}
   (You took it off a deep elf high priest on level 3 of the Elven Halls)

   [ring of protection]

   AC:        It affects your AC (+8).
Wands
 m - a wand of acid (45)
 C - a wand of digging (11)
 E - a wand of iceblast (17)
 Q - a wand of mindburst (57)
 W - a wand of flame (106)
 Z - a wand of paralysis (53)
Scrolls
 h - 3 scrolls of silence
 n - 21 scrolls of teleportation
 w - 14 scrolls of fear
 y - 6 scrolls of blinking
 B - 7 scrolls of fog
 F - 14 scrolls of poison
 P - 3 scrolls of immolation
Potions
 b - 5 potions of mutation
 c - 3 potions of invisibility
 d - 16 potions of curing
 g - 13 potions of brilliance
 j - 3 potions of resistance
 p - 15 potions of cancellation
 t - 7 potions of lignification
 v - 8 potions of berserk rage
 K - 4 potions of haste
 R - 6 potions of ambrosia
 S - 5 potions of magic
 T - 3 potions of might
 U - 6 potions of heal wounds
Miscellaneous
 l - a phial of floods
 o - a lightning rod (4/4)


   Skills:
 - Level 24.4 Fighting
 + Level 22.4 Maces & Flails
 + Level 14.1 Throwing
 * Level 24.6 Armour
 + Level 12.3 Dodging
 - Level 3.3 Shields
 - Level 6.6 Spellcasting
 + Level 15.4 Translocations
 - Level 3.3 Transmutations
 + Level 16.1 Invocations
 - Level 9.9 Evocations


You had 6 spell levels left.
You knew the following spells:

 Your Spells              Type           Power      Damage    Failure   Level
a - Manifold Assault      Tloc           64%        N/A       1%          4
b - Blink                 Tloc           100%       N/A       1%          2
c - Passage of Golubria   Tloc           64%        N/A       1%          4
d - Dispersal             Tloc           32%        N/A       12%         6
g - Apportation           Tloc           100%       N/A       1%          1
l - Lesser Beckoning      Tloc           100%       N/A       1%          2
m - Iskenderun's Mystic   Conj/Tloc      39%        2d9       19%         4
p - Passwall              Tmut/Erth      10%        N/A       32%         2
v - Vhi's Electric Charg  Tloc/Air       78%        N/A       5%          3
w - Wereblood             Tmut           20%        N/A       17%         2
G - Gell's Gravitas       Tloc           64%        N/A       1%          3

Your spell library contained the following spells:

 Spells                   Type           Power      Damage    Failure   Level
 Teleport Other           Tloc           64%        N/A       1%          3
 Momentum Strike          Conj/Tloc      78%        3d10      2%          2
 Volatile Blastmotes      Fire/Tloc      78%        2d16      5%          3
 Beastly Appendage        Tmut           40%        N/A       11%         1
 Sting                    Tmut/Pois      52%        1d5       22%         1
 Foxfire                  Conj/Fire      24%        2x1d5     41%         1
 Kiss of Death            Conj/Necr      24%        2d7       41%         1
 Magic Dart               Conj           24%        1d4       41%         1
 Necrotise                Necr           24%        1d5       41%         1
 Sandblast                Erth           12%        2d6       41%         1
 Shock                    Conj/Air       24%        1d4       41%         1
 Poisonous Vapours        Pois/Air       12%        N/A       54%         2
 Static Discharge         Conj/Air       12%        2-3/arc   54%         2
 Spider Form              Tmut/Pois      13%        N/A       54%         3
 Ignite Poison            Fire/Tmut/Pois 11%        N/A       63%         3
 Confusing Touch          Hex            6%         N/A       78%         3
 Dazzling Flash           Conj/Hex       12%        N/A       78%         3
 Inner Flame              Hex/Fire       6%         N/A       78%         3
 Mephitic Cloud           Conj/Pois/Air  6%         N/A       78%         3
 Ozocubu's Armour         Ice            6%         N/A       78%         3
 Stone Arrow              Conj/Erth      12%        3d7       78%         3
 Swiftness                Air            6%         N/A       78%         3
 Petrify                  Tmut/Erth      13%        N/A       91%         4
 Blade Hands              Tmut           10%        N/A       97%         5
 Airstrike                Air            3%         2d(1-17)  99%         4
 Anguish                  Hex/Necr       3%         N/A       99%         4
 Dispel Undead            Necr           6%         3d8       99%         4
 Flame Wave               Conj/Fire      6%         2d5       99%         4
 Olgreb's Toxic Radiance  Pois           6%         N/A       99%         4
 Sticky Flame             Conj/Fire      6%         2d3       99%         4
 Irradiate                Conj/Tmut      6%         3d13      99%         5
 Yara's Violent Unravell  Hex/Tmut       6%         3d5       99%         5
 Arcjolt                  Conj/Air       3%         1d13      100%        5
 Borgnjor's Vile Clutch   Necr/Erth      3%         N/A       100%        5
 Freezing Cloud           Conj/Ice/Air   3%         6-21      100%        5
 Iskenderun's Battlesphe  Conj           6%         2d6       100%        5
 Metabolic Englaciation   Hex/Ice        3%         N/A       100%        5
 Eringya's Noxious Bog    Tmut/Pois      6%         N/A       100%        6
 Iron Shot                Conj/Erth      3%         9d2       100%        6
 Plasma Beam              Fire/Air       3%         2x1d14    100%        6
 Starburst                Conj/Fire      3%         6d3       100%        6
 Dragon Form              Tmut           10%        N/A       100%        7
 Orb of Destruction       Conj           3%         9d5       100%        7
 Storm Form               Tmut/Air       6%         N/A       100%        7
 Borgnjor's Revivificati  Necr           3%         N/A       100%        8
 Discord                  Hex            3%         N/A       100%        8
 Ignition                 Fire           3%         3d4       100%        8
 Chain Lightning          Conj/Air       3%         3d4       100%        9
 Death's Door             Necr           3%         N/A       100%        9
 Summon Small Mammal      Summ           Unusable   N/A       N/A         1
 Summon Forest            Summ/Tloc      Unusable   N/A       N/A         5
 Call Imp                 Summ           Unusable   N/A       N/A         2
 Cigotuvi's Dreadful Rot  Necr/Pois/Air  Unusable   N/A       N/A         2
 Call Canine Familiar     Summ           Unusable   N/A       N/A         3
 Summon Guardian Golem    Hex/Summ       Unusable   N/A       N/A         3
 Tukima's Dance           Hex            Unusable   N/A       N/A         3
 Animate Armour           Summ/Erth      Unusable   N/A       N/A         4
 Animate Dead             Necr           Unusable   N/A       N/A         4
 Summon Lightning Spire   Summ/Air       Unusable   N/A       N/A         4
 Death Channel            Necr           Unusable   N/A       N/A         6
 Simulacrum               Ice/Necr       Unusable   N/A       N/A         6
 Spellforged Servitor     Conj/Summ      Unusable   N/A       N/A         7
 Infestation              Necr           Unusable   N/A       N/A         8
 Summon Horrible Things   Summ           Unusable   N/A       N/A         8

Dungeon Overview and Level Annotations

Branches:
Dungeon (15/15)            Temple (0/1) D:5            Lair (5/5) D:9
  Swamp (4/4) Lair:3        Snake (4/4) Lair:3        Slime (5/5) Lair:4
    Orc (2/2) D:11            Elf (3/3) Orc:2        Vaults (4/5) D:13
  Crypt (3/3) Vaults:3       Tomb (0/3) Crypt:3      Depths (4/4) D:15
    Zot (5/5) Depths:4     Bailey (visited)           IceCv (visited)
Volcano (visited)          WizLab (visited)         Desolation (visited)

Altars:
Ashenzari
Dithmenos
Gozag
Hepliaklqana
Kikubaaqudgha
Nemelex Xobeh
Okawaru
Qazlal
Ru
Sif Muna
Trog
Uskayaw
Vehumet
Wu Jian
Xom
Yredelemnul
The Shining One
Lugonu

Shops:
D:1 ?   D:7 ?   D:11 [   D:14 ??[*   Orc:2 =?!(   Elf:1 (   Elf:2 [
Snake:2 :==

Portals:
Hell: Depths:1 Depths:2 Depths:3 Depths:4
Abyss: Lair:5 Depths:3
Pandemonium: Depths:1 Depths:2
Ziggurat: Depths:3
Trove: Depths:3 (give 10 potions of heal wounds)

Annotations:
D:4 1 runed translucent door, Crazy Yiuf
D:8 2 transporters
Lair:4 3 runed translucent doors, Juirae's ghost, journeyman TrMo
Swamp:3 2 transporters, Quickbrownfox's ghost, adept DsIE
Snake:1 3 runed translucent doors, Miqeoh's ghost, adept MfIE
Snake:3 1 runed translucent door, Gabide's ghost, adept DgCj
Slime:5 Dissolution


Innate Abilities, Weirdness & Mutations

You are immune to sickness and miasma.
Your stone body is resilient. (AC +20)
You are immune to poison.
Your large and strong wings let you fly.
You resist negative energy. (rN+)
You are resistant to electric shocks. (rElec)
You are resistant to unholy torment.
You are immune to petrification.
You have a beak for a mouth.
You are frail. (-10% HP)
You are strong-willed. (Will+)
You are weak. (Str -2)
Your movements are slightly less encumbered by armour. (ER -2)


Message History

You fly upwards.
There is a stone staircase leading down here.
Aiming: Dig
Press: ? - help, Shift-Dir - straight line A rock wall.
This square is covered in magical glow.
The rock shatters into small pieces.
Aiming: Dig
Press: ? - help, Shift-Dir - straight line A rock wall.
This square is covered in magical glow.
The rock shatters into small pieces.
Aiming: Dig
Press: ? - help, Shift-Dir - straight line A rock wall.
This square is covered in magical glow.
The rock shatters into small pieces.
Aiming: Dig
Press: ? - help, Shift-Dir - straight line A rock wall.
This square is covered in magical glow.
The rock shatters into small pieces.
Aiming: Dig
Press: ? - help, Shift-Dir - straight line This square is covered in magical glow.
The rock shatters into small pieces.
Blink to where?
Press: ? - help, Dir - move target
As you read the scroll of blinking, it crumbles to dust.
You're wearing all the rings you can.
Remove which one? (? for menu, Esc to cancel) < or
H - a ring of see invisible > or
s - the ring "Moenwie" {rElec Will+ EV+5 Int+6} You remove your ring of see invisible.
O - the ring of the Tortoise (left hand) {AC+8} Blink to where?
Press: ? - help, Dir - move target
As you read the scroll of blinking, it crumbles to dust.
You fade into invisibility!
You have escaped!

#......# ########.
#.....[###........
#.##..###......>).
#......###..#####.
#......# #..#.....
####.#.# #..#.###.
#......###..#.###.
#..........§......
#@...#####.....###
#......# #.......)
#......# ##....###
#.##.### #.#.....
#......# #.#.####
#......####.#.#
##########.#.#.##.....#
#......##......##..#..#
#.#######......##.....#


There were no monsters in sight!

Vanquished Creatures
  the Royal Jelly (Slime:5)
  A dread lich (Zot:5)
  Mennas (Crypt:2)
  4 orbs of fire
  4 ancient liches
  A juggernaut (Depths:2)
  the Lernaean hydra (Swamp:4)
  Sojobo (Arena)
  Vv (Zot:3)
  6 Killer Klowns
  A curse toe (Zot:2)
  Bai Suzhen (Swamp:3)
  Saint Roka (Snake:4)
  A caustic shrike (Depths:3)
  15 golden dragons
  the Enchantress (Depths:3)
  Jory (Depths:3)
  2 bone dragons (Depths:4)
  2 Tzitzimimeh
  4 electric golems
  Jorgrun (D:13)
  A spectral shard shrike (Crypt:3)
  A walking crystal tome (Arena)
  4 liches (Crypt:3)
  15 tentacled monstrosities
  Asterion (Depths:1)
  30 Orb Guardians
  A walking earthen tome (Depths:3)
  19 acid blobs
  4 deep elf master archers (Elf:3)
  5 death cobs
  2 Executioners
  6 quicksilver dragons
  3 deep elf blademasters
  4 ancient champions
  A sphinx (Depths:3)
  A walking frostbound tome (Depths:3)
  Frances (Elf:1)
  Agnes (Elf:1)
  Kirke (Elf:1)
  4 thorn hunters
  6 nagarajas
  5 tengu reavers
  8 revenants
  6 draconian monks
  8 storm dragons
  7 shadow dragons
  13 azure jellies
  A fenstrider witch (Swamp:4)
  3 deep elf sorcerers (Elf:3)
  7 frost giants
  6 fire giants
  3 iron dragons
  Donald (Vaults:1)
  8 rockslimes
  5 vault wardens
  3 imperial myrmidons (Desolation)
  5 draconian knights
  2 draconian stormcallers
  5 draconian shifters
  3 spectral caustic shrikes
  4 draconian scorchers
  Aizul (Snake:4)
  A caustic shrike zombie (WizLab)
  4 ghouls
  8 ghost moths
  3 curse skulls
  An orc warlord (Orc:2)
  A juggernaut zombie (Crypt:1)
  5 deep elf elementalists (Elf:3)
  12 ironbound preservers
  7 quicksilver oozes
  6 spriggan defenders
  A juggernaut skeleton (Crypt:1)
  4 draconian annihilators
  9 very ugly things
  21 black draconians
  4 vampire knights
  16 stone giants
  14 green draconians
  4 eleionomae
  3 deep elf annihilators
  The ghost of Uvinaotu the Blocker, a journeyman MiFi of the Shining One (D:15)
  3 spark wasps (Depths:4)
  8 ironbound thunderhulks
  2 bunyips (Swamp:3)
  2 lorocyprocas
  2 spectral titans (WizLab)
  6 dire elephants
  14 purple draconians
  8 white draconians
  9 red draconians
  6 halazid warlocks
  14 yellow draconians
  11 ettins
  7 eidola
  5 crystal guardians
  A spectral golden dragon (Crypt:3)
  A blizzard demon (Zot:2)
  8 deep elf death magi
  10 deep elf high priests
  2 entropy weavers (Vaults:2)
  Harold (Orc:1)
  7 servants of whispers (Desolation)
  7 great orbs of eyes
  5 ragged hierophants (Desolation)
  8 fire dragons
  11 vault guards
  11 jiangshi
  Josephine (Lair:2)
  A shambling mangrove (Swamp:3)
  A hell beast (Depths:1)
  6 ice dragons
  A spectral shadow dragon (Crypt:3)
  An ice dragon (shapeshifter) (D:15)
  A ghost crab (Swamp:1)
  11 yaktaur captains
  2 catoblepae (Lair:3)
  8 spriggan air magi
  Erolcha (D:9)
  12 peacekeepers
  18 hydras
  9 boulder beetles
  7 centaur warriors
  8 anacondas
  An ironbound frostheart (Vaults:4)
  3 ogre magi
  A spriggan skeleton (Crypt:1)
  33 dancing weapons
  3 tengu warriors
  8 two-headed ogres
  3 death knights
  A deep troll shaman (Depths:3)
  An Orb Guardian skeleton (Crypt:2)
  A spectral dire elephant (Crypt:3)
  Urug (D:13)
  9 alligators
  16 naga warriors
  A death scarab (Crypt:1)
  3 deep troll earth magi
  5 shock serpents
  16 vampire magi
  A hell hog (Depths:1)
  2 soul eaters
  2 titan zombies
  3 thrashing horrors (Lair:5)
  Nergalle (D:10)
  16 naga sharpshooters
  18 deep elf knights
  5 spriggan berserkers
  2 sun demons
  2 titan skeletons (Crypt:1)
  A hell knight (Depths:4)
  2 iron trolls
  3 spark wasp zombies (WizLab)
  Lodul (D:13)
  3 goliath frogs
  14 shadow wraiths (Crypt:3)
  A spectral bunyip (Crypt:3)
  5 salamander mystics
  An anaconda zombie (Crypt:3)
  44 deep trolls
  A skyshark (Lair:4)
  30 skeletal warriors
  11 naga ritualists
  An iron giant zombie (Crypt:1)
  9 swamp dragons
  7 bog bodies
  3 wolf spider zombies (WizLab)
  16 lindwurms
  A glowing orange brain (Slime:4)
  A shadow dragon zombie (Crypt:1)
  3 spriggan druids
  36 deep elf pyromancers
  10 flayed ghosts
  14 deep elf archers
  5 wizards
  13 ironbound convokers
  Pikel (D:8)
  A tengu zombie (Crypt:1)
  8 necromancers
  3 orc knights
  4 manticores
  A broodmother zombie (Crypt:3)
  28 phantasmal warriors
  An oklob plant (Snake:1)
  27 deep elf zephyrmancers
  38 ugly things
  2 wolf spiders
  16 salamanders
  16 orc sorcerers
  6 shining eyes
  2 spectral spriggans
  An iron dragon skeleton (Crypt:3)
  2 will-o-the-wisps
  6 cyclopes
  A cyclops (shapeshifter) (Depths:3)
  16 mana vipers
  26 moths of wrath
  A stone giant zombie (Crypt:1)
  A stone giant skeleton (Crypt:2)
  11 vault sentinels
  Maurice (D:9)
  An eleionoma skeleton (Crypt:1)
  20 naga magi
  37 black mambas
  A torpor snail (Lair:3)
  12 guardian serpents
  2 ice statues (IceCv)
  A molten gargoyle (Desolation)
  A titan simulacrum (Crypt:1)
  4 eyes of devastation
  Psyche (D:9)
  2 smoke demons
  6 gargoyles
  9 yaktaurs
  10 cane toads
  A yaktaur zombie (Vaults:2)
  A swamp worm zombie (Crypt:3)
  3 dire elephant skeletons
  13 komodo dragons
  An unseen horror (shapeshifter) (D:13)
  An unseen horror (D:12)
  2 kobold demonologists
  5 tengu conjurers
  11 freezing wraiths
  A sea snake zombie (Crypt:2)
  A steelbarb worm zombie (Crypt:3)
  4 ice devils (IceCv)
  A rime drake (shapeshifter) (Lair:5)
  7 rime drakes
  2 anaconda simulacra (IceCv)
  A red draconian skeleton (Crypt:3)
  4 efreet
  A guardian mummy (Crypt:1)
  A queen bee (Lair:2)
  A queen bee (shapeshifter) (D:13)
  2 ancient zymes (Lair:5)
  A tengu simulacrum (Vaults:2)
  19 hornets
  2 polar bears
  6 trolls
  58 saltlings (Desolation)
  33 blink frogs
  7 tyrant leeches
  3 harpy skeletons (Crypt:1)
  2 dream sheep
  A spriggan zombie (WizLab)
  A merfolk zombie (Crypt:1)
  A radroach zombie (Crypt:2)
  2 centaur simulacra
  A slime creature (shapeshifter) (Depths:4)
  101 slime creatures
  24 flying skulls
  22 spriggans
  An alligator skeleton (Crypt:1)
  9 shadows
  16 wraiths
  6 wyverns
  5 basilisks
  3 air elementals
  2 dire elephant simulacra (IceCv)
  12 yaks
  10 water elementals
  5 hogs (Elf:1)
  A human (Elf:1)
  A ynoxinul (Lair:5)
  A golden eye (Slime:4)
  3 large abominations
  12 fire elementals
  3 chaos spawn (Lair:5)
  A hog (shapeshifter) (D:13)
  A death yak simulacrum (IceCv)
  A neqoxec (Depths:1)
  3 steam dragons
  3 harpy simulacra (IceCv)
  14 vampire mosquitoes
  3 wargs
  Menkaure (D:4)
  4 acid dragons
  8 swamp worms
  Edmund (D:4)
  51 nagas
  A skyshark zombie (Crypt:2)
  A two-headed ogre skeleton (Crypt:1)
  A fire bat skeleton (Crypt:1)
  16 water moccasins
  2 floating eyes
  6 hydra simulacra
  An ice beast (D:8)
  6 swamp drakes (Swamp:4)
  20 orc warriors
  An ettin simulacrum (Crypt:1)
  2 black bears
  18 ogres
  17 wolves
  9 centaurs
  7 small abominations (Lair:5)
  2 phantoms
  3 lemures (D:8)
  4 kobold brigands
  A vine stalker zombie (Crypt:2)
  14 bullfrogs
  4 gnoll sergeants
  2 scorpions
  A two-headed ogre simulacrum (IceCv)
  2 earth elementals
  2 necrophages
  3 wights (D:8)
  A yak zombie (Crypt:2)
  An elephant simulacrum (IceCv)
  31 killer bees
  A raiju skeleton (Crypt:1)
  5 electric eels
  2 howler monkeys
  2 human simulacra (Vaults:2)
  3 human zombies (Crypt:1)
  2 gnoll boudas
  5 hounds
  14 orc priests
  12 jellies
  3 human skeletons (Crypt:1)
  34 orc wizards
  Ijyb (D:4)
  2 iguanas
  2 sleepcaps
  5 hell rats (Lair:5)
  A boggart simulacrum (D:13)
  3 mummies (Crypt:1)
  Robin (D:3)
  30 gnolls
  A howler monkey skeleton (Crypt:2)
  6 adders
  A naga simulacrum (IceCv)
  2 shadow imps (D:7)
  12 white imps (Lair:4)
  2 ufetubi
  An iguana skeleton (Crypt:3)
  A worm (D:3)
  A dart slug (D:1)
  85 orcs
  2 bats
  2 bat skeletons
  3 endoplasms
  20 goblins
  17 hobgoblins
  6 quokkas
  7 ball pythons
  A ball python skeleton (Crypt:3)
  6 frilled lizards
  A hobgoblin skeleton (Crypt:2)
  17 kobolds
  6 rats (D:3)
  A fire vortex (Volcano)
2406 creatures vanquished.

Vanquished Creatures (others)
  2 draconian knights
  A deep elf death mage (Elf:3)
  A deep elf knight (Elf:2)
  A lindwurm (Lair:4)
  2 deep elf pyromancers
  A moth of wrath (Zot:3)
  A gargoyle (D:11)
  Maggie (D:11)
  A kobold demonologist (D:14)
  A vault sentinel (Vaults:2)
  A bloated husk (Swamp:2)
  A slime creature (D:13)
  A flying skull (WizLab)
  A naga (Snake:2)
  5 hydra simulacra (Depths:2)
  An orc wizard (D:7)
  5 foxfires
27 creatures vanquished.

Grand Total: 2433 creatures vanquished

Notes
Turn   | Place    | Note
-------+----------+-------------------------------------------
     0 | D:1      | RepoMan the Gargoyle Fighter began the quest for the Orb.
     0 | D:1      | Reached XP level 1. HP: 14/14 MP: 1/1
   179 | D:1      | Reached XP level 2. HP: 9/19 MP: 2/2
   534 | D:1      | Reached XP level 3. HP: 23/23 MP: 3/3
   716 | D:1      | Found Ozeotwo's Magic Scroll Boutique.
   723 | D:1      | Bought a scroll of identify for 20 gold pieces
   945 | D:1      | Bought a scroll of identify for 20 gold pieces
  1024 | D:2      | Found a faded altar of an unknown god.
  1137 | D:2      | Reached XP level 4. HP: 22/29 MP: 4/4
  1457 | D:2      | Reached XP level 5. HP: 29/33 MP: 5/5
  1920 | D:3      | Reached skill level 5 in Maces & Flails
  2040 | D:3      | Noticed Robin
  2081 | D:3      | Killed Robin
  2149 | D:3      | Found a broken altar of Ashenzari.
  2150 | D:3      | Found an iron altar of Okawaru.
  2160 | D:3      | Became a worshipper of Warmaster Okawaru
  2195 | D:3      | Found a sacrificial altar of Ru.
  2410 | D:3      | Found a sparkling altar of Nemelex Xobeh.
  2552 | D:3      | Found a glowing golden altar of the Shining One.
  2678 | D:1      | Bought a scroll of poison for 40 gold pieces
  2678 | D:1      | Bought a scroll of identify for 20 gold pieces
  2678 | D:1      | Bought a scroll of identify for 20 gold pieces
  2678 | D:1      | Bought a scroll of immolation for 40 gold pieces
  2678 | D:1      | Bought a scroll of identify for 20 gold pieces
  2678 | D:1      | Bought a scroll of fog for 40 gold pieces
  2806 | D:4      | Reached XP level 6. HP: 39/39 MP: 6/6
  2998 | D:4      | Noticed Ijyb
  3051 | D:4      | Killed Ijyb
  3317 | D:4      | Noticed Edmund
  3335 | D:4      | Killed Edmund
  3336 | D:4      | Reached XP level 7. HP: 39/44 MP: 5/7
  3419 | D:4      | Reached * piety under Okawaru
  3602 | D:4      | Found a shimmering altar of Xom.
  3606 | D:4      | Noticed Menkaure
  3630 | D:4      | Killed Menkaure
  3847 | D:4      | Found a runed translucent door.
  3848 | D:4      | Noticed Crazy Yiuf
  3872 | D:5      | Entered Level 5 of the Dungeon
  3950 | D:5      | Reached XP level 8. HP: 47/48 MP: 8/8
  4090 | D:5      | Found a staircase to the Ecumenical Temple.
  4252 | D:5      | Reached ** piety under Okawaru
  4512 | D:5      | Found an opulent altar of Gozag.
  4710 | D:6      | Found a hide-covered altar of Uskayaw.
  4761 | D:6      | Identified the +1 whip of Eternal Vigilance {heavy, Fragile
                  | rPois rCorr SInv}
  4771 | D:6      | Reached skill level 10 in Maces & Flails
  4893 | D:6      | Reached skill level 5 in Fighting
  5227 | D:6      | Reached *** piety under Okawaru
  5342 | D:6      | Reached XP level 9. HP: 54/54 MP: 9/9
  5509 | D:7      | Found Kefouf's Magic Scroll Shop.
  5513 | D:7      | Found a radiant altar of Vehumet.
  5523 | D:7      | Bought a scroll of identify for 26 gold pieces
  5523 | D:7      | Bought a scroll of identify for 26 gold pieces
  5523 | D:7      | Bought a scroll of identify for 26 gold pieces
  5523 | D:7      | Bought a scroll of identify for 26 gold pieces
  5523 | D:7      | Bought a scroll of identify for 26 gold pieces
  5523 | D:7      | Bought a scroll of noise for 13 gold pieces
  5843 | D:7      | Reached skill level 5 in Armour
  6142 | D:8      | Found an ancient bone altar of Kikubaaqudgha.
  6145 | D:8      | Noticed a hornet
  6158 | D:7      | Killed a hornet
  6185 | D:8      | Reached **** piety under Okawaru
  6326 | D:8      | Noticed Pikel
  6340 | D:8      | Killed Pikel
  6341 | D:8      | Reached skill level 1 in Dodging
  6341 | D:8      | Reached XP level 10. HP: 61/61 MP: 10/10
  6467 | D:8      | Noticed Maggie
  6482 | D:8      | Found a flagged portal.
  6513 | Bailey   | Entered a bailey
  6723 | Bailey   | Reached ***** piety under Okawaru
  6835 | D:8      | Found a transporter.
  6835 | D:8      | Noticed a centaur warrior
  6836 | D:8      | Found a hazy altar of Hepliaklqana.
  6836 | D:8      | Noticed an orc knight
  6857 | D:8      | Found a transporter.
  7054 | D:9      | Found a staircase to the Lair.
  7068 | D:9      | Noticed Maurice
  7093 | D:9      | Killed Maurice
  7094 | D:9      | Reached skill level 1 in Invocations
  7126 | D:9      | Noticed a two-headed ogre
  7135 | D:9      | Killed a two-headed ogre
  7148 | D:9      | Noticed Psyche
  7158 | D:9      | Killed Psyche
  7253 | D:9      | Found a stormy altar of Qazlal.
  7539 | D:9      | Found a shimmering blue altar of Sif Muna.
  7607 | D:9      | Noticed Erolcha
  7623 | D:9      | Killed Erolcha
  7706 | D:10     | Entered Level 10 of the Dungeon
  7808 | D:10     | Noticed a gargoyle
  7810 | D:10     | Killed a gargoyle
  7976 | D:10     | Reached XP level 11. HP: 64/68 MP: 14/14
  8038 | D:10     | Noticed Nergalle
  8047 | D:10     | Reached skill level 5 in Invocations
  8188 | D:10     | Noticed a sea snake
  8228 | D:10     | Found a shadowy altar of Dithmenos.
  8239 | D:10     | Noticed a spectral orc warlord
  8292 | D:10     | Noticed a sea snake
  8331 | D:10     | Received a gift from Okawaru
  8392 | D:10     | Noticed a sea snake
  8500 | D:10     | Killed Nergalle
  8809 | D:11     | Found Cymot's Armour Shop.
  8821 | D:11     | Noticed a white ugly thing
  8835 | D:11     | Killed a white ugly thing
  8838 | D:11     | Found a staircase to the Orcish Mines.
  8935 | D:11     | Noticed a centaur warrior
  8947 | D:11     | Killed a centaur warrior
  9041 | D:11     | Noticed a manticore
  9051 | D:11     | Killed a manticore
  9317 | D:11     | Killed Maggie
  9671 | Lair:1   | Entered Level 1 of the Lair of Beasts
  9812 | Lair:1   | Identified the +2 ring mail of Kounir {Fly Will+}
 10654 | Lair:2   | Upgraded the game from 0.30.0-19-g36f170ea60 to
                  | 0.30.0-29-ga12c61a403
 10701 | Lair:2   | Noticed an eight-headed hydra
 10757 | Lair:2   | Reached XP level 12. HP: 68/76 MP: 18/18
 10769 | Lair:2   | Killed an eight-headed hydra
 12079 | Lair:3   | Reached skill level 10 in Fighting
 12084 | Lair:3   | Noticed a catoblepas
 12084 | Lair:3   | Noticed a boulder beetle
 12084 | Lair:3   | Noticed a catoblepas
 12089 | Lair:3   | Reached ****** piety under Okawaru
 12115 | Lair:3   | Killed a catoblepas
 12133 | Lair:3   | Killed a catoblepas
 12133 | Lair:3   | Received a gift from Okawaru
 12166 | Lair:3   | Killed a boulder beetle
 12174 | Lair:3   | Reached skill level 10 in Armour
 12221 | Lair:3   | Identified the orb of the Barnacle {light, rF+ Str+4}
 12423 | Lair:3   | Reached XP level 13. HP: 83/83 MP: 20/20
 12574 | Lair:3   | Found a staircase to the Swamp.
 12937 | Lair:3   | Found a staircase to the Snake Pit.
 13131 | Lair:3   | Noticed Josephine
 13155 | Lair:2   | Killed Josephine
 13255 | Lair:3   | Reached skill level 10 in Invocations
 13394 | Lair:4   | Found an ornate altar of the Wu Jian Council.
 13429 | Lair:4   | Found a hide-covered altar of Uskayaw.
 13452 | Lair:4   | Reached skill level 15 in Maces & Flails
 13474 | Lair:4   | Found a staircase to the Slime Pits.
 13523 | Lair:4   | Found a dark tunnel.
 13528 | Volcano  | Entered a volcano
 13740 | Lair:4   | Found a frozen archway.
 13792 | IceCv    | Entered an ice cave
 13835 | IceCv    | Identified the +4 chain mail "Dafudyv" {Rampage +Blink rF+}
                  | (Okawaru gifted it to you in an ice cave)
 13835 | IceCv    | Received a gift from Okawaru
 14388 | Lair:4   | Got the Folio of Reformed Illusion
 14622 | Lair:4   | Gained mutation: Your large and strong wings let you fly.
                  | [Gargoyle growth]
 14622 | Lair:4   | Reached XP level 14. HP: 90/90 MP: 22/22
 14779 | Lair:4   | Found a runed translucent gate.
 14779 | Lair:4   | Found a runed translucent gate.
 14779 | Lair:4   | Noticed Juirae's ghost (journeyman TrMo)
 14780 | Lair:4   | Found a runed translucent gate.
 14897 | Lair:4   | Noticed a dire elephant
 14919 | Lair:4   | Found a runed translucent door.
 14959 | Lair:4   | Reached skill level 5 in Dodging
 15040 | Lair:4   | Killed a dire elephant
 15068 | Lair:4   | Identified the staff of death "Pema" {rN+ Int+4 Dex+4}
 15458 | Lair:5   | Entered Level 5 of the Lair of Beasts
 15823 | Lair:5   | Noticed an acid blob
 15823 | Lair:5   | Noticed a quicksilver ooze
 15835 | Lair:5   | Noticed an azure jelly
 15845 | Lair:5   | Killed a quicksilver ooze
 15845 | Lair:5   | Received a gift from Okawaru
 15857 | Lair:5   | Killed an acid blob
 15857 | Lair:5   | Killed an azure jelly
 15914 | Lair:5   | Noticed a quicksilver ooze
 15921 | Lair:5   | Killed a quicksilver ooze
 15961 | Arena    | Entered the Arena
 16316 | Lair:5   | Received a gift from Okawaru
 16718 | Lair:5   | Reached skill level 1 in Throwing
 17119 | Lair:5   | Identified the +2 robe of the Stallion {rPois Int-5 SInv}
                  | (Okawaru gifted it to you on level 5 of the Lair of Beasts)
 17119 | Lair:5   | Received a gift from Okawaru
 17120 | Lair:5   | Reached XP level 15. HP: 93/98 MP: 23/23
 17133 | Lair:5   | Found a corrupted altar of Lugonu.
 17133 | Lair:5   | Found a one-way gate to the infinite horrors of the Abyss.
 17440 | Orc:1    | Entered Level 1 of the Orcish Mines
 17458 | Orc:1    | Noticed Harold
 17540 | Orc:1    | Killed Harold
 17629 | Orc:2    | Entered Level 2 of the Orcish Mines
 17768 | Orc:2    | Noticed an orc warlord
 17779 | Orc:2    | Killed an orc warlord
 17996 | Orc:2    | Found a staircase to the Elven Halls.
 18690 | Orc:2    | Found Poysu's Jewellery Shoppe.
 18831 | Orc:2    | Found a radiant altar of Vehumet.
 18933 | Orc:2    | Found Bufur's Distillery.
 18941 | Orc:2    | Found Xuqirod's Antique Weapon Shoppe.
 18954 | Orc:2    | Found Mexalel's Magic Scroll Emporium.
 18964 | Orc:2    | Bought 3 scrolls of identify for 90 gold pieces
 18984 | Orc:2    | Bought a potion of heal wounds for 90 gold pieces
 18984 | Orc:2    | Bought a potion of curing for 54 gold pieces
 19007 | Orc:2    | Found an ancient bone altar of Kikubaaqudgha.
 19059 | Orc:2    | Bought an ivory great mace for 264 gold pieces
 19059 | Orc:2    | Identified the +8 great mace "Beetleslayer" {antimagic,
                  | rPois} (You bought it in a shop on level 2 of the Orcish
                  | Mines)
 19083 | Orc:2    | Bought a potion of berserk rage for 90 gold pieces
 19083 | Orc:2    | Bought a potion of mutation for 144 gold pieces
 19083 | Orc:2    | Bought a potion of invisibility for 144 gold pieces
 19083 | Orc:2    | Bought a potion of mutation for 144 gold pieces
 19083 | Orc:2    | Bought 2 potions of cancellation for 288 gold pieces
 19097 | Orc:2    | Bought a scroll of fog for 60 gold pieces
 19097 | Orc:2    | Bought a scroll of fog for 60 gold pieces
 19097 | Orc:2    | Bought a scroll of silence for 142 gold pieces
 19097 | Orc:2    | Bought a scroll of poison for 60 gold pieces
 19097 | Orc:2    | Bought 3 scrolls of fear for 180 gold pieces
 19246 | D:12     | Identified the +5 dagger "Vaiskasu" {speed, *Slow rElec
                  | Will+ Dex+5}
 19830 | D:13     | Noticed Lodul
 19847 | D:13     | Killed Lodul
 19869 | D:13     | Noticed Urug
 19870 | D:13     | Noticed Jorgrun
 19876 | D:13     | Killed Jorgrun
 19888 | D:13     | Killed Urug
 19917 | D:13     | Found a gate to the Vaults.
 19960 | D:13     | Received a gift from Okawaru
 20015 | D:13     | Received a gift from Okawaru
 20600 | D:13     | Identified the +4 trident "Xuegaaz" {heavy, rPois rCorr}
 20609 | D:13     | Identified the +0 chain mail of Disappointment {rElec rC-
                  | Regen+ Slay-4} (Okawaru gifted it to you on level 13 of the
                  | Dungeon)
 20609 | D:13     | Received a gift from Okawaru
 20653 | D:13     | Reached XP level 16. HP: 81/106 MP: 8/25
 20678 | D:13     | Got the Compendium of the Heron
 21051 | D:14     | Found a runed translucent door.
 21243 | D:14     | Found Hotsaxyumm's Antique Armour Shoppe.
 21250 | D:14     | Found Duidamp's Antique Weapon Boutique.
 21423 | D:14     | Found Kaduasazo's General Store.
 21434 | D:14     | Bought a potion of curing for 57 gold pieces
 21434 | D:14     | Bought a potion of curing for 57 gold pieces
 21434 | D:14     | Bought a scroll of silence for 180 gold pieces
 21596 | D:14     | Found Ikaar's Magic Scroll Shop.
 21599 | D:14     | Bought a scroll of teleportation for 45 gold pieces
 21599 | D:14     | Bought a scroll of blinking for 112 gold pieces
 21599 | D:14     | Bought a scroll of blinking for 112 gold pieces
 21599 | D:14     | Bought a scroll of blinking for 112 gold pieces
 21602 | D:14     | Found Koaqej's Magic Scroll Boutique.
 21610 | D:14     | Bought a scroll of immolation for 40 gold pieces
 21610 | D:14     | Bought a scroll of teleportation for 30 gold pieces
 22021 | D:15     | Entered Level 15 of the Dungeon
 22208 | D:15     | Noticed Uvinaotu's ghost (journeyman MiFi)
 22222 | D:15     | Found a transporter.
 22279 | D:15     | Reached skill level 1 in Evocations
 22289 | D:15     | Found a staircase to the Depths.
 22361 | D:15     | Found a transporter.
 22792 | D:15     | Reached skill level 5 in Throwing
 23140 | Snake:1  | Entered Level 1 of the Snake Pit
 23148 | Snake:1  | Identified the +0 pair of boots "Ymenof" {Will+ rCorr
                  | Int+4} (Okawaru gifted it to you on level 1 of the Snake
                  | Pit)
 23148 | Snake:1  | Received a gift from Okawaru
 23387 | Snake:1  | Found a glowing golden altar of the Shining One.
 23821 | Snake:1  | Found a runed translucent gate.
 23822 | Snake:1  | Found a runed translucent gate.
 23822 | Snake:1  | Found a runed translucent gate.
 23824 | Snake:1  | Noticed Miqeoh's ghost (adept MfIE)
 24410 | Snake:2  | Reached XP level 17. HP: 99/112 MP: 8/26
 24694 | Snake:2  | Received a gift from Okawaru
 25039 | Snake:2  | Found Bibatsai's Book Boutique.
 25040 | Snake:2  | Found Giez's Jewellery Shoppe.
 25040 | Snake:2  | Found Hulidd's Jewellery Shoppe.
 25333 | Snake:3  | Reached skill level 15 in Fighting
 25339 | Snake:3  | Found a runed translucent door.
 25352 | Snake:3  | Noticed Gabide's ghost (adept DgCj)
 25906 | Snake:3  | Received a gift from Okawaru
 26250 | Snake:4  | Entered Level 4 of the Snake Pit
 26298 | Snake:4  | Identified the +1 pair of gloves of the Accordion {rPois
                  | Dex+4}
 26349 | Arena    | Entered the Arena
 26476 | Snake:3  | Received a gift from Okawaru
 26999 | Snake:4  | Noticed Aizul
 27015 | Snake:4  | Killed Aizul
 27033 | Snake:4  | Noticed Saint Roka
 27053 | Snake:4  | Killed Saint Roka
 27229 | Snake:4  | Reached XP level 18. HP: 96/119 MP: 9/27
 27345 | Snake:4  | Identified the +1 helmet of the Last Allies {rPois}
 27693 | Snake:4  | Received a gift from Okawaru
 27909 | Snake:4  | Learned a level 4 spell: Manifold Assault
 27912 | Snake:4  | Learned a level 2 spell: Blink
 27923 | Snake:4  | Got a serpentine rune of Zot
 28421 | Swamp:1  | Entered Level 1 of the Swamp
 28432 | Lair:3   | Reached skill level 15 in Armour
 28514 | Swamp:1  | Identified the ring "Moenwie" {rElec Will+ EV+5 Int+6}
 28576 | Swamp:1  | Learned a level 3 spell: Gell's Gravitas
 28583 | Swamp:1  | Learned a level 6 spell: Dispersal
 29083 | Swamp:2  | Received a gift from Okawaru
 29242 | Swamp:3  | Noticed Bai Suzhen
 29322 | Swamp:3  | Received a gift from Okawaru
 29492 | Swamp:3  | Killed Bai Suzhen
 29533 | Swamp:3  | Found a bloodstained altar of Trog.
 29533 | Swamp:3  | Identified the +7 spear of the Shrinking Salmon {venom, rF+
                  | rN+ Int+3}
 29534 | Swamp:3  | Identified the amulet of Jiakkaz {Faith *Slow +Inv rC++
                  | MP+9}
 29535 | Swamp:3  | Found a transporter.
 29543 | Swamp:3  | Noticed Quickbrownfox's ghost (adept DsIE)
 29550 | Swamp:3  | Found a transporter.
 29574 | Swamp:3  | Received a gift from Okawaru
 29915 | Swamp:4  | Entered Level 4 of the Swamp
 30351 | Swamp:4  | Reached XP level 19. HP: 127/127 MP: 9/28
 30640 | Swamp:4  | Reached skill level 5 in Evocations
 30696 | Swamp:4  | Noticed the 27-headed Lernaean hydra
 30717 | Swamp:4  | Killed the 27-headed Lernaean hydra
 30785 | Swamp:4  | Got a decaying rune of Zot
 31277 | Elf:1    | Entered Level 1 of the Elven Halls
 31378 | Elf:1    | Found the +3 warlock's mirror {omnireflect}
 31444 | Elf:1    | Noticed Agnes
 31453 | Elf:1    | Killed Agnes
 31482 | Elf:1    | Noticed Kirke
 31488 | Elf:1    | Identified the +6 executioner's axe "Poadgha" {freeze,
                  | rElec rN+} (Okawaru gifted it to you on level 1 of the
                  | Elven Halls)
 31488 | Elf:1    | Received a gift from Okawaru
 31488 | Elf:1    | Killed Kirke
 31525 | Elf:1    | Noticed Frances
 31546 | Elf:1    | Killed Frances
 31706 | Elf:1    | Found Bobbyb's Weapon Emporium.
 32363 | Elf:2    | Received a gift from Okawaru
 32363 | Elf:2    | Found the +2 hat of the Bear Spirit {Spirit, Bear, *Rage
                  | Will++}
 32479 | Elf:2    | Found Perelyem's Armour Emporium.
 32576 | Elf:2    | Found a runed translucent gate.
 32576 | Elf:2    | Found a runed translucent gate.
 32576 | Elf:2    | Found a runed translucent gate.
 33062 | Elf:2    | Reached XP level 20. HP: 128/135 MP: 9/29
 33333 | Elf:3    | Entered Level 3 of the Elven Halls
 33378 | Elf:3    | Learned a level 2 spell: Passwall
 33399 | Elf:3    | Paralysed by an air elemental for 1 turns
 33619 | Elf:3    | Identified the +1 pair of gloves of Wyed {rCorr} (Okawaru
                  | gifted it to you on level 3 of the Elven Halls)
 33619 | Elf:3    | Received a gift from Okawaru
 34766 | Elf:3    | Identified the +9 dagger of Tuatsups {spect, Drain rCorr
                  | SInv}
 34845 | Elf:3    | Identified the +3 leather armour of Bogaz {rPois rF+ rC+}
 34845 | Elf:3    | Identified the ring of Doosias {Fire *Corrode rPois rN+++
                  | Dex+4}
 34930 | Elf:3    | Identified the +2 chain mail of Mawi {rPois rN++ Will-}
 34938 | Elf:3    | Got Borgnjor's Compilation of Shades
 34954 | Elf:3    | Got Ynte's Lectures on Altered Soot
 34958 | Elf:3    | Got the Reference Book on the Black Widow and Soot
 34972 | Elf:3    | Identified the +4 short sword of Mayhem {flame, rC++ MP+9}
 35229 | Vaults:1 | Entered Level 1 of the Vaults
 35256 | Vaults:1 | Received a gift from Okawaru
 35711 | Vaults:1 | Noticed Donald
 35731 | Vaults:1 | Killed Donald
 35741 | Vaults:1 | Reached XP level 21. HP: 97/145 MP: 4/30
 35800 | Vaults:1 | Identified the +9 dire flail "Teucs" {drain, Str+4 Dex-3}
                  | (Okawaru gifted it to you on level 1 of the Vaults)
 35800 | Vaults:1 | Received a gift from Okawaru
 35915 | Vaults:1 | Identified the +0 robe of Rasan {rF+ rC++}
 36064 | Vaults:1 | Learned a level 2 spell: Lesser Beckoning
 36104 | Vaults:1 | Identified the +2 robe "Raalaemn" {rElec rN+++ Regen+
                  | Str-5}
 36231 | Vaults:1 | Reached skill level 1 in Translocations
 36264 | Vaults:1 | Reached skill level 1 in Spellcasting
 36481 | Vaults:2 | Found a crumbling gateway.
 36490 | Desolati | Entered the Desolation of Salt
 36557 | Desolati | Found the +7 Spriggan's Knife {stab, EV+4 Stlth+}
 36560 | Desolati | Identified the +4 war axe of the Shrinking Ancients
                  | {antimagic, rCorr}
 36584 | Desolati | Received a gift from Okawaru
 37025 | Desolati | Identified the +3 hat "Ciupnar" {+Blink Stlth+} (Okawaru
                  | gifted it to you in the Desolation of Salt)
 37025 | Desolati | Received a gift from Okawaru
 37072 | Desolati | Identified the ring "Nogaklant" {Wiz Int+4 Stlth+}
 37112 | Desolati | Identified the +4 robe of Parts Unknown {Fly Will+ MP+9}
 37153 | Desolati | Reached skill level 5 in Translocations
 37262 | Desolati | Identified the ring "Ybuesium" {rN+ Str+6 Int-5 Stlth+}
 37265 | Desolati | Identified the ring of Trepidation {Ice *Corrode rN+ Int+4}
 38323 | Vaults:2 | Noticed a golden dragon
 38337 | Vaults:2 | Killed a golden dragon
 38414 | Vaults:2 | Identified the ring "Unech" {rC++ rN+ Dex+3}
 38446 | Vaults:2 | Reached XP level 22. HP: 99/149 MP: 10/31
 39032 | Vaults:3 | Found a staircase to the Crypt.
 39132 | Vaults:3 | Identified the +1 pair of gloves of Bexutos {Regen+ Str+2}
                  | (Okawaru gifted it to you on level 3 of the Vaults)
 39132 | Vaults:3 | Received a gift from Okawaru
 40428 | Vaults:4 | Noticed Sojobo
 40430 | Arena    | Entered the Arena
 40438 | Arena    | Killed Sojobo
 40999 | Crypt:1  | Entered Level 1 of the Crypt
 41020 | Crypt:1  | Reached skill level 10 in Translocations
 41127 | Crypt:1  | Found a magical portal.
 41132 | WizLab   | Entered Borgnjor's Mausoleum
 41272 | WizLab   | Received a gift from Okawaru
 41641 | WizLab   | Reached XP level 23. HP: 127/160 MP: 10/32
 41709 | WizLab   | Got the Vellum of Unholy Words
 41711 | WizLab   | Got the Anthology of the Dead
 41715 | WizLab   | Learned a level 2 spell: Wereblood
 41836 | Crypt:1  | Identified the +9 hand axe "Giantbane" {vamp, Will+ Dex+3}
                  | (Okawaru gifted it to you on level 1 of the Crypt)
 41836 | Crypt:1  | Received a gift from Okawaru
 42813 | Crypt:2  | Identified the +7 dagger of Conflict {venom, Will+ Int+5}
                  | (Okawaru gifted it to you on level 2 of the Crypt)
 42813 | Crypt:2  | Received a gift from Okawaru
 43174 | Crypt:2  | Noticed Mennas
 43270 | Crypt:2  | Killed Mennas
 43591 | Crypt:3  | Entered Level 3 of the Crypt
 43646 | Crypt:3  | Noticed an ancient lich
 43694 | Crypt:3  | Killed an ancient lich
 43779 | Arena    | Entered the Arena
 44005 | Crypt:3  | Noticed an ancient lich
 44028 | Crypt:3  | Killed an ancient lich
 44128 | Crypt:3  | Received a gift from Okawaru
 44266 | Crypt:3  | Found a staircase to the Tomb.
 44335 | Crypt:3  | Received a gift from Okawaru
 44445 | Crypt:3  | Found a basalt altar of Yredelemnul.
 44693 | Crypt:3  | Reached XP level 24. HP: 168/168 MP: 5/32
 44944 | Crypt:3  | Identified the ring "Paifuggy" {rPois rC+ MP+9}
 44947 | Crypt:3  | Identified the ring "Jeik" {rN+ Will++ Dex+3}
 44947 | Crypt:3  | Identified the ring of Law {rN+ Stlth+}
 44975 | Crypt:3  | Reached XP level 25. HP: 175/175 MP: 10/33
 44976 | Crypt:3  | Reached skill level 10 in Dodging
 44976 | Crypt:3  | Reached skill level 1 in Transmutations
 44976 | Crypt:3  | Reached XP level 26. HP: 180/180 MP: 10/33
 45321 | Depths:1 | Entered Level 1 of the Depths
 45440 | Depths:1 | Found a flickering gateway to a bazaar.
 45451 | Bazaar   | Entered a bazaar
 45454 | Bazaar   | Found Gahas's Assorted Antiques.
 45473 | Bazaar   | Found Voiluela's Magic Scroll Boutique.
 45506 | Bazaar   | Found Iviyrph's Weapon Shop.
 45519 | Bazaar   | Found Zulily's Magic Scroll Shop.
 45539 | Bazaar   | Bought a potion of curing for 78 gold pieces
 45539 | Bazaar   | Bought a potion of might for 104 gold pieces
 45551 | Bazaar   | Bought a scroll of acquirement for 416 gold pieces
 45551 | Bazaar   | Bought a scroll of fog for 32 gold pieces
 45551 | Bazaar   | Bought a scroll of enchant weapon for 60 gold pieces
 45551 | Bazaar   | Bought 3 scrolls of teleportation for 72 gold pieces
 45551 | Bazaar   | Bought a scroll of enchant weapon for 60 gold pieces
 45567 | Bazaar   | Acquired Great Wizards, Vol. VII
 45575 | Bazaar   | Learned a level 4 spell: Passage of Golubria
 45691 | Depths:1 | Found a one-way gate leading to the halls of Pandemonium.
 45781 | Depths:1 | Received a gift from Okawaru
 45926 | Depths:1 | Noticed Asterion
 45946 | Depths:1 | Killed Asterion
 46097 | Depths:1 | Found a sparkling altar of Nemelex Xobeh.
 46281 | Depths:1 | Found a gateway to Hell.
 46394 | Depths:1 | You are sucked into a shaft and drop 1 floor!
 46561 | Depths:2 | Upgraded the game from 0.30.0-29-ga12c61a403 to
                  | 0.30.0-30-g96aa6591b8
 47229 | Depths:2 | Found a hide-covered altar of Uskayaw.
 47523 | Depths:2 | Received a gift from Okawaru
 47635 | Depths:2 | Identified the +0 leather armour of Makhleb's Envy {Fly
                  | rPois rF++ Str-2}
 47687 | Depths:2 | Noticed a juggernaut
 47702 | Depths:2 | Killed a juggernaut
 47818 | Depths:3 | Found a portal to a secret trove of treasure.
 47920 | Depths:3 | Received a gift from Okawaru
 48027 | Depths:3 | Found a one-way gateway to a ziggurat.
 48034 | Depths:3 | Acquired 943 gold pieces
 48053 | Depths:3 | Found an iron altar of Okawaru.
 48072 | Depths:3 | Noticed Jory
 48091 | Depths:3 | Killed Jory
 48196 | Arena    | Entered the Arena
 48220 | Depths:3 | Received a gift from Okawaru
 48261 | Depths:3 | Reached skill level 5 in Spellcasting
 48275 | Depths:3 | Received a gift from Okawaru
 48300 | Depths:3 | Found the +5 glaive of the Guard {elec, spectral, AC+5}
 48468 | Depths:3 | Noticed the Enchantress
 48470 | Depths:3 | Killed the Enchantress
 48687 | Depths:3 | Found an ornate altar of the Wu Jian Council.
 49021 | Depths:4 | Entered Level 4 of the Depths
 49085 | Depths:4 | Identified the +0 robe "Valauc" {Will+ Int+2} (Okawaru
                  | gifted it to you on level 4 of the Depths)
 49085 | Depths:4 | Received a gift from Okawaru
 49209 | Depths:4 | Learned a level 1 spell: Apportation
 49265 | Depths:4 | Reached XP level 27. HP: 186/186 MP: 11/33
 49755 | Depths:4 | Found a gate to the Realm of Zot.
 50422 | Slime:1  | Entered Level 1 of the Pits of Slime
 50614 | Slime:4  | Reached skill level 10 in Throwing
 50645 | Slime:5  | Entered Level 5 of the Pits of Slime
 50667 | Slime:5  | Gained mutation: You occasionally lose the ability to drink
                  | potions when taking damage. [a shining eye]
 50751 | Slime:5  | Gained mutation: You are frail. (-10% HP) [a shining eye]
 50772 | Slime:5  | Noticed the Royal Jelly
 51322 | Slime:5  | Gained mutation: You are weak. (Str -2) [a shining eye]
 51328 | Slime:5  | Gained mutation: You passively dampen the noise of your
                  | surroundings. [a shining eye]
 51373 | Slime:5  | Killed the Royal Jelly
 51373 | Slime:5  | Received a gift from Okawaru
 51498 | Slime:5  | Got the Parchment of Austromancy and Transmutation
 51505 | Slime:5  | Identified the ring of Egunashro {Will+ Str+3 Int+6}
 51513 | Slime:5  | Identified the +2 robe of Action {Int+5}
 51514 | Slime:5  | Identified the +7 whip of the Disbelieving Gods {protect,
                  | rPois Str+2 Dex+5 Stlth-}
 51519 | Slime:5  | Identified the staff of conjuration "Ushreuhit" {rPois}
 51550 | Slime:5  | Got Sif Muna's Omnibus of the Grey Shift
 51582 | Slime:5  | Got a slimy rune of Zot
 51614 | Slime:5  | Identified the staff of poison "Wupuhacy" {rPois Will-
                  | Dex+4}
 51646 | Slime:5  | Learned a level 3 spell: Vhi's Electric Charge
 51651 | Slime:5  | Learned a level 4 spell: Iskenderun's Mystic Blast
 51670 | Slime:5  | Noticed Dissolution
 51733 | Lair:4   | Lost mutation: You are frail. (-10% HP) [potion of
                  | mutation]
 51733 | Lair:4   | Lost mutation: You occasionally lose the ability to drink
                  | potions when taking damage. [potion of mutation]
 51733 | Lair:4   | Lost mutation: You passively dampen the noise of your
                  | surroundings. [potion of mutation]
 51733 | Lair:4   | Gained mutation: You have large cloven feet. [potion of
                  | mutation]
 51733 | Lair:4   | Gained mutation: You are partially covered in iridescent
                  | scales. (AC +2) [potion of mutation]
 51733 | Lair:4   | Gained mutation: Your body sometimes deteriorates upon
                  | taking damage. [potion of mutation]
 51734 | Lair:4   | Lost mutation: You are partially covered in iridescent
                  | scales. (AC +2) [potion of mutation]
 51734 | Lair:4   | Lost mutation: Your body sometimes deteriorates upon taking
                  | damage. [potion of mutation]
 51734 | Lair:4   | Lost mutation: You are weak. (Str -2) [potion of mutation]
 51734 | Lair:4   | Gained mutation: You are vulnerable to heat. (rF-) [potion
                  | of mutation]
 51734 | Lair:4   | Gained mutation: You are agile. (Dex +4, Str/Int -1)
                  | [potion of mutation]
 52225 | D:15     | Identified the +0 lajatang of Zikkoy {venom, rCorr Str-4
                  | Dex+3} (Okawaru gifted it to you on level 15 of the
                  | Dungeon)
 52225 | D:15     | Received a gift from Okawaru
 52233 | D:15     | Killed Uvinaotu's ghost
 52397 | Zot:1    | Entered Level 1 of the Realm of Zot
 52698 | Zot:1    | Reached skill level 15 in Invocations
 53425 | Zot:2    | Noticed an orb of fire
 53430 | Zot:2    | Gained mutation: You are frail. (-10% HP) [an orb of fire]
 53441 | Zot:1    | Gained mutation: You occasionally lose the ability to drink
                  | potions when taking damage. [an orb of fire]
 53447 | Zot:1    | Killed an orb of fire
 53456 | Zot:1    | Lost mutation: You are vulnerable to heat. (rF-) [potion of
                  | mutation]
 53456 | Zot:1    | Lost mutation: You occasionally lose the ability to drink
                  | potions when taking damage. [potion of mutation]
 53456 | Zot:1    | Lost mutation: You are agile. (Dex +4, Str/Int -1) [potion
                  | of mutation]
 53456 | Zot:1    | Gained mutation: You have a beak for a mouth. [potion of
                  | mutation]
 53456 | Zot:1    | Gained mutation: You are strong-willed. (Will+) [potion of
                  | mutation]
 53456 | Zot:1    | Gained mutation: Your movements are slightly less
                  | encumbered by armour. (ER -2) [potion of mutation]
 53520 | Zot:2    | Received a gift from Okawaru
 53718 | Zot:2    | Noticed an orb of fire
 53809 | Zot:2    | Received a gift from Okawaru
 53885 | Zot:2    | Received a gift from Okawaru
 54044 | Zot:2    | Lost mutation: You have large cloven feet. [an orb of fire]
 54048 | Zot:2    | Killed an orb of fire
 54727 | Zot:3    | You are sucked into a shaft and drop 1 floor!
 54771 | Zot:4    | Identified the +7 flail of the Shore {heavy, Drain rF+
                  | rCorr} (Okawaru gifted it to you on level 4 of the Realm of
                  | Zot)
 54771 | Zot:4    | Received a gift from Okawaru
 54787 | Zot:4    | Reached skill level 15 in Translocations
 55488 | Zot:3    | Noticed Vv
 55508 | Zot:3    | Killed Vv
 55564 | Zot:3    | Received a gift from Okawaru
 56423 | Zot:4    | Received a gift from Okawaru
 56564 | Zot:4    | Received a gift from Okawaru
 57202 | Zot:5    | Entered Level 5 of the Realm of Zot
 57528 | Zot:5    | Noticed an orb of fire
 57533 | Zot:5    | Noticed an orb of fire
 57550 | Zot:5    | Killed an orb of fire
 57551 | Zot:5    | Gained mutation: You are weak. (Str -2) [an orb of fire]
 57563 | Zot:5    | Killed an orb of fire
 57569 | Zot:5    | Received a gift from Okawaru
 57598 | Zot:5    | Noticed a dread lich
 57633 | Zot:5    | Killed a dread lich
 57636 | Zot:5    | Noticed an ancient lich
 57653 | Zot:5    | Killed an ancient lich
 57932 | Zot:5    | Noticed an ancient lich
 57949 | Zot:5    | Killed an ancient lich
 58186 | Zot:5    | Got the Orb of Zot
 58795 | D:$      | Escaped with the Orb!

Illustrated notes

Levels and vault maps discovered:
D:1:      dpeg_arrival_ternary, layout_loops_ring, serial_shops,
          nicolae_shop_pleasant_corner_grove
D:2:      cheibrodos_pilgrimage, layout_rooms,
          shapermc_ecumenical_altar_mp_urbaneastern, minmay_hedge_maze,
          nicolae_half_adder
D:3:      layout_loops_ring, mainiacjoe_overflow_24_doors,
          amcnicky_altar_gilded, gammafunk_temple_overflow_pools,
          tso_oasis_becter, hangedman_decor_lopped, uniq_robin
D:4:      corexii_shantytown, layout_rooms, mainiacjoe_overflow_cross_hatched,
          uniq_edmund, uniq_ijyb, uniq_crazy_yiuf_cottage, uniq_menkaure
D:5:      layout_loops_ring, mainiacjoe_overflow_alcove_2, temple_pool_b,
          serial_bayou_pond_e
D:6:      layout_basic, mainiacjoe_overflow_alcove_4
D:7:      layout_loops_ring, mainiacjoe_overflow_small_starburst, serial_shops,
          shop, serial_bayou, serial_bayou_pond_c, serial_bayou_pond_b,
          serial_bayou_pond_c, serial_bayou_pond_e, serial_bayou_pond_c,
          serial_bayou_shore_a
D:8:      layout_rooms, mainiacjoe_overflow_alcove_1,
          gammafunk_temple_overflow_arena, enter_bailey_6, uniq_maggie,
          uniq_pikel
D:9:      layout_cave_pools, led_sif_book, nicolae_overflow_crystal_walls,
          serial_glass, glass_columns_a, glass_columns_a, uniq_erolcha,
          uniq_psyche, uniq_maurice
D:10:     layout_roguey, grunt_dithmenos_smoke_and_mirrors, serial_aquarium,
          aquarium_bridge_square [aquarium_subvault_bridge,
          aquarium_subvault_wall, aquarium_subvault_bridge,
          aquarium_subvault_bridge], aquarium_bridge_island_small
          [aquarium_subvault_small_open, aquarium_subvault_bridge,
          aquarium_subvault_wall, aquarium_subvault_bridge,
          aquarium_subvault_wall], aquarium_window_1, aquarium_window_fake,
          aquarium_window_2, aquarium_view_2e, aquarium_view_2g,
          aquarium_balcony_1a, aquarium_pool_four, uniq_nergalle
D:11:     cheibrodos_statue_roulette, layout_loops_ring, orc_0_dummy,
          serial_shops, shop
D:12:     layout_gridville
D:13:     minmay_the_grid_triangle_9x9_rhombus_full
          [minmay_the_grid_triangle_9x9_semitri,
          minmay_the_grid_triangle_9x9_pentomino_pain,
          minmay_the_grid_triangle_9x9_sprig,
          minmay_the_grid_triangle_9x9_checkered,
          minmay_the_grid_triangle_9x9_corruption,
          minmay_the_grid_triangle_9x9_negative_grid,
          minmay_the_grid_triangle_9x9_odd_lines,
          minmay_the_grid_triangle_9x9_prize_center], layout_basic,
          lightli_vaults_fourway_checkpoint, uniq_jorgrun, uniq_urug, uniq_lodul
D:14:     layout_irregular_city, serial_shops, shop, shop, shop, shop, shop,
          lightli_airlock
D:15:     hangedman_depths_entry_try_elsewhere_first, layout_loops_cross,
          gammafunk_ghost_arena, nrook_campfire
Lair:1:   layout_cave_pods, serial_bayou_shore_b
Lair:2:   layout_cave_pods, special_room [special_room_bee], lemuel_old_faithful
Lair:3:   nzn_winding_woodlands_stair_trap [nzn_winding_woodlands_5x15_default,
          nzn_winding_woodlands_5x15_concentric,
          nzn_winding_woodlands_5x15_parted,
          nzn_winding_woodlands_15x15_killbox, nzn_winding_woodlands_5x15_eye,
          nzn_winding_woodlands_5x15_pathside_ponds,
          nzn_winding_woodlands_5x15_crooked], layout_concentric_octagons,
          skrybe_swamp_entry_bodies, minmay_snake_entry_guardpost_small,
          hibernation_bobbens, uniq_josephine
Lair:4:   gammafunk_lair_enchanted_lake, layout_regular_city, slime_entry_1,
          enter_volcano_4, ebering_ghost_rock_garden,
          portal_ice_cave_entry_imps, serial_rivers,
          chequers_serial_rivers_micro_d, chequers_serial_rivers_small_a,
          chequers_serial_rivers_small_a, chequers_serial_rivers_micro_b,
          nzn_masters_of_martial_movement, infiniplex_staircase_pool
Lair:5:   hellmonk_lair_end_abyssal_woods, layout_loops_ring, special_room
          [special_room_jelly]
Swamp:1:  layout_basic_swamp, hangedman_swamp_ruin_wall
Swamp:2:  cheibrodos_swamp_tower_of_moss, layout_falls_marsh,
          evilmike_swamp_ruin_house_3, swamp_pool5
Swamp:3:  layout_falls_marsh, gammafunk_ghost_wrathful_warriors,
          evilmike_swamp_ruin_rubble_1, uniq_bai_suzhen
Swamp:4:  swamp_old_school, layout_basic_swamp, swamp_pool1
Snake:1:  nicolae_snake_crotalidae_crossing, layout_misc_corridors,
          ebering_ghost_rock_garden, st_stairs_9, serial_bayou_pond_e,
          grunt_ministairs_9, lemuel_oklob_altar
Snake:2:  kennysheep_six_static_rooms, layout_concentric_octagons,
          corexii_hall_statues_x, minmay_shop_grove
Snake:3:  layout_misc_corridors, ebering_ghost_inner_flame, st_stairs_3
Snake:4:  johnstein_snake_rune_scales, layout_chambers, nrook_loot_triangle,
          uniq_saint_roka, uniq_aizul
Slime:1:  layout_caves, basic_altar
Slime:2:  layout_caves, special_room [special_room_jelly]
Slime:3:  layout_caves
Slime:4:  layout_caves
Slime:5:  uniq_dissolution
Orc:1:    layout_diamond_mine, uniq_harold
Orc:2:    kennysheep_orc_mage_school, layout_diamond_mine
Elf:1:    nicolae_elf_arrival_no_cutting_in_line, layout_geoelf_octagon,
          serial_shops, shop, minivault_28, uniq_frances, uniq_agnes, uniq_kirke
Elf:2:    elven_hall_of_blades_hangedman_original [nicolae_blade_little_rooms],
          layout_gridlike, serial_shops, shop
Elf:3:    minmay_elf_hall_circle, layout_loops_corners,
          hangedman_elf_targetted_burst
Vaults:1: grunt_vaults_bifocal, vaults_room_semicircle,
          nicolae_vaults_offset_grid_hallway_3, vaults_room_semicircle,
          nicolae_vaults_good_morning_starshine, vaults_dpeg_ring,
          nicolae_vaults_tetromino_L_2, hangedman_vaults_pinch,
          ontoclasm_vaults_loading_screen, nicolae_vaults_little_squares_4,
          layout_vaults_maze_snakey, uniq_donald
Vaults:2: portal_desolation_entry_ruin, nicolae_vaults_apartment_1,
          nicolae_vaults_thirteen_compartments, ontoclasm_vaults_claustrophobia,
          v_misc_10, nicolae_vaults_network_barrier,
          nicolae_vaults_network_square, nicolae_vaults_shelves_hall,
          nicolae_vaults_little_squares_6, nicolae_vaults_diamond_2,
          nicolae_vaults_trapezoid_lopsided_3,
          hangedman_vaults_stretched_pinwheel, layout_vaults_ring
Vaults:3: nicolae_vaults_murderbox, vaults_room_corners, hangedman_vaults_nodes,
          minmay_crypt_entry_simple_walls, nicolae_vaults_two_Ls,
          ontoclasm_vaults_misaligned, nicolae_vaults_oval_intersection,
          nicolae_vaults_trapezoid_2, nicolae_vaults_storage_room_glass,
          nicolae_vaults_hallways_thing, nicolae_vaults_trapezoid_lopsided_1,
          nicolae_vaults_diamond_2, vaults_dpeg_hooks, layout_vaults_omnibox
Vaults:4: hangedman_vaults_corner_blocks, nicolae_vaults_diamond_2, v_pattern_2,
          nicolae_vaults_little_squares_3, layout_vaults_omnigrid, uniq_sojobo
Crypt:1:  layout_chaotic_city, mu_enter_wizlab_2, palyth_stone_intersect,
          hellmonk_scarab_ruin, grunt_crypt_arrival_guarded_gate
Crypt:2:  layout_regular_city, lemuel_nasty_fountain, uniq_mennas
Crypt:3:  church_of_pain_bobbens, layout_chaotic_city,
          nicolae_tomb_entry_rubble_hallway, uniq_margery
Depths:1: layout_gridlike, rand_demon_pan_entry_5, serial_shops, freezing_bzr,
          hellmouth_1, minmay_misc_feat_more_columns, nemelex_altar_shiori,
          grunt_megastairs_1, uniq_asterion
Depths:2: cheibrodos_hall_of_evolution, layout_cave_shapes, pan_entry,
          nicolae_uskayaw_dance_hall, hell_entry, st_stairs_1,
          infiniplex_staircase_zigzag_5
Depths:3: minmay_guarded_unrand_guard, layout_honeycomb, enter_ziggurat_e,
          hangedman_geh_valley, nicolae_trove_entry_isolated,
          old_standard_altar, marbit_kobold_abyss_entry, okawaru_trees_2,
          uniq_enchantress, uniq_jory
Depths:4: grunt_zot_entry_pinwheel, layout_basic, grunt_hell_entry_dis_mu,
          nicolae_twisting_strands
Zot:1:    layout_concentric_octagons
Zot:2:    kennysheep_blocky_hall, layout_misc_corridors, grunt_ministairs_12,
          st_single_dragon_hoard_2
Zot:3:    layout_basic, grunt_ministairs_7, uniq_vv
Zot:4:    layout_onion_interference, st_single_dragon_hoard_4,
          grunt_megastairs_4
Zot:5:    layout_misc_corridors

Skill      XL: |  1  2  3  4  5  6  7  8  9 10 11 12 13 14 15 16 17 18 19 20 21 22 23 24 25 26 27 |
---------------+----------------------------------------------------------------------------------+-----
Maces & Flails | 3 4 5 7 8 10 11 12 13 14 15 16 17 18 19 20 21 22 | 22.4
Fighting       | 4 5 6 7 9 10 11 13 14 15 16 17 19 20 21 22 24 | 24.4
Armour         | 4 6 7 8 10 11 12 13 14 15 16 18 19 20 21 24 | 24.6
Dodging        | 1 3 4 6 7 8 9 10 12 | 12.3
Invocations    | 4 8 9 10 11 12 13 14 16 | 16.1
Throwing       | 1 4 5 6 8 9 14 | 14.1
Evocations     | 2 3 4 6 8 9 |  9.9
Translocations | 7 11 13 15 | 15.4
Spellcasting   | 3 5 6 |  6.6
Transmutations | 1 3 |  3.3
Shields        | |  3.3

Action                     |  1- 3 |  4- 6 |  7- 9 | 10-12 | 13-15 | 16-18 | 19-21 | 22-24 | 25-27 || total
---------------------------+-------+-------+-------+-------+-------+-------+-------+-------+-------++-------
  Melee: Flail             |    96 |    54 |    69 |       |       |       |       |       |       ||   219
         Whip              |       |   243 |   227 |   831 |  1637 |       |       |       |       ||  2938
         Mace              |       |       |   133 |       |       |       |       |       |       ||   133
         Unarmed           |       |       |       |     6 |       |       |       |       |       ||     6
         Great mace        |       |       |       |       |   266 |  1626 |  1722 |  1766 |  2753 ||  8133
         Peck              |       |       |       |       |       |       |       |       |   357 ||   357
  Throw: Stone             |     2 |    14 |    39 |    39 |    58 |       |       |       |       ||   152
         Dart              |       |     4 |     1 |     3 |    15 |    11 |       |       |     2 ||    36
         Javelin           |       |       |       |     6 |    17 |     1 |       |       |    36 ||    60
         Throwing net      |       |       |       |     3 |     2 |     1 |       |       |       ||     6
   Cast: Lesser Beckoning  |       |       |       |       |       |       |     1 |       |     4 ||     5
         Manifold Assault  |       |       |       |       |       |       |       |     1 |    37 ||    38
         Wereblood         |       |       |       |       |       |       |       |       |     1 ||     1
         Apportation       |       |       |       |       |       |       |       |       |     3 ||     3
         Blink             |       |       |       |       |       |       |       |       |     2 ||     2
 Invoke: Heroism           |       |       |       |     8 |    18 |     4 |     9 |     6 |    18 ||    63
         Finesse           |       |       |       |     2 |     2 |       |     1 |     2 |     1 ||     8
         Duel              |       |       |       |       |     1 |     1 |       |     2 |     1 ||     5
Ability: Evoke Blink       |       |       |       |       |       |       |     1 |       |       ||     1
  Evoke: Wand              |       |     2 |    12 |    31 |    23 |     4 |     4 |       |    26 ||   102
         Lightning rod     |       |       |       |       |       |       |     4 |     4 |     8 ||    16
         Phial of floods   |       |       |       |       |       |       |     2 |     2 |     1 ||     5
    Use: Potion            |     4 |     1 |     3 |     5 |    10 |     5 |     6 |     5 |    18 ||    57
         Scroll            |     3 |     6 |     9 |    10 |    12 |     3 |     4 |     1 |    37 ||    85
   Stab: Held in net/web   |       |       |       |     2 |     1 |       |       |       |       ||     3
         Petrified         |       |       |       |    14 |       |       |       |       |       ||    14
         Invisible         |       |       |       |       |       |       |    18 |       |     1 ||    19
         Paralysed         |       |       |       |       |       |       |     3 |       |       ||     3
 Armour: Scale mail        |    44 |    90 |       |       |       |       |       |       |       ||   134
         Robe              |       |    17 |   106 |    81 |       |       |       |       |       ||   204
         Skin              |       |       |       |     1 |       |       |       |       |       ||     1
         Ring mail         |       |       |       |   148 |   135 |       |       |       |       ||   283
         Chain mail        |       |       |       |       |   554 |   675 |   622 |   712 |   545 ||  3108
         Plate armour      |       |       |       |       |       |       |       |       |   863 ||   863
         Crystal plate arm |       |       |       |       |       |       |       |       |    82 ||    82
  Dodge: Dodged            |    33 |    71 |   221 |   620 |  1190 |  1311 |  1290 |  1223 |  2100 ||  8059
  Block: Buckler           |    14 |    36 |    54 |   153 |   238 |       |       |       |       ||   495
